[ AOE2 MATCH · #476912705 ]
UnrankedBerbers vs Romans
[ REPLAY ANALYSIS · EXTRACTED FROM THE RECORDED GAME ]
Feudal
12:14
Castle
25:04
Imperial
—
| APM avg | 45.2 |
| APM peak | 74 |
| eAPM avg | 19.3 |
| Villagers / military | 126 / 42 |
Focus
⚔️ 26.7% · 🌾 73.3%
Archer ×34 · Monk ×7 · Scout Cavalry ×1
Feudal
13:16
Castle
18:56
Imperial
36:20
| APM avg | 33.1 |
| APM peak | 58 |
| eAPM avg | 19.7 |
| Villagers / military | 139 / 185 |
Focus
⚔️ 29.1% · 🌾 70.9%
Huskarl ×145 · Militia ×19 · Spearman ×12 · Monk ×4 · Trebuchet (Packed) ×4 · Knight ×1
Feudal
14:58
Castle
19:10
Imperial
—
| APM avg | 33.1 |
| APM peak | 60 |
| eAPM avg | 20.0 |
| Villagers / military | 106 / 60 |
Focus
⚔️ 24.2% · 🌾 75.8%
Ghulam ×36 · Camel Scout ×11 · Mangonel ×7 · Monk ×6
Feudal
13:23
Castle
17:08
Imperial
41:36
| APM avg | 45.9 |
| APM peak | 67 |
| eAPM avg | 27.8 |
| Villagers / military | 146 / 76 |
Focus
⚔️ 39.4% · 🌾 60.6%
Militia ×55 · Battering Ram ×13 · Monk ×4 · Scorpion ×3 · Centurion ×1
Feudal
15:05
Castle
18:38
Imperial
34:26
| APM avg | 43.7 |
| APM peak | 68 |
| eAPM avg | 23.5 |
| Villagers / military | 127 / 71 |
Focus
⚔️ 31.9% · 🌾 68.1%
Spearman ×60 · Unknown (1968) ×30 · Unknown (1974) ×20 · Unknown (1942) ×9 · Militia ×6 · Petard ×3
Feudal
14:10
Castle
18:10
Imperial
42:57
| APM avg | 25.4 |
| APM peak | 79 |
| eAPM avg | 9.7 |
| Villagers / military | 104 / 18 |
Focus
⚔️ 15.2% · 🌾 84.8%
Conquistador ×18
Feudal
14:22
Castle
18:23
Imperial
36:54
| APM avg | 83.2 |
| APM peak | 185 |
| eAPM avg | 51.0 |
| Villagers / military | 176 / 93 |
Focus
⚔️ 54.6% · 🌾 45.4%
Militia ×54 · Boyar ×15 · Knight ×15 · Scout Cavalry ×4 · Scorpion ×3 · Mangonel ×2
Feudal
13:41
Castle
24:46
Imperial
—
| APM avg | 33.5 |
| APM peak | 73 |
| eAPM avg | 16.5 |
| Villagers / military | 121 / 23 |
Focus
⚔️ 15.3% · 🌾 84.7%
Gbeto ×11 · Archer ×5 · Mangonel ×4 · Camel Scout ×2 · Knight ×1 · Trade Cart ×1
Match map
Initial resources + every placement click. Lines = walls · curves = elevation contours. ◆ gold · ⬟ stone · ● berries · ✦ relic · ◌ wall gap
Your base· Open — unwalled flank
Jimmy's base· Open — unwalled flank
SaleMajstor's base· Open — unwalled flank
ceepki's base· Open — unwalled flank
noTRIX's base· Open — unwalled flank
Ceki's base· Open — 6t gap
harooooo's base· Open — unwalled flank
BlekSon's base· Open — unwalled flank
Smoothed initial terrain · ◌ = detected wall gap · hover for details
Inputs per minute
— Tomo Žeznati - - Jimmy
Build order — Tomo Žeznati
First 150 of 301 actions detected
| 0:27 | Build | Town Center |
| 0:39 | Build | Town Center |
| 1:11 | Build | House |
| 1:32 | Build | House |
| 1:45 | Build | Palisade Wall |
| 1:49 | Build | House |
| 2:02 | Build | Palisade Wall |
| 2:49 | Create | Villager (Male) |
| 2:49 | Create | Villager (Male) |
| 2:50 | Create | Villager (Male) |
| 2:50 | Create | Villager (Male) |
| 3:45 | Build | House |
| 4:21 | Create | Villager (Male) |
| 4:48 | Create | Villager (Male) |
| 5:13 | Build | House |
| 5:19 | Create | Villager (Male) |
| 5:19 | Create | Villager (Male) |
| 5:24 | Build | House |
| 6:13 | Create | Villager (Male) |
| 6:35 | Create | Villager (Male) |
| 6:45 | Create | Villager (Male) |
| 7:04 | Create | Villager (Male) |
| 7:15 | Build | House |
| 7:28 | Create | Villager (Male) |
| 7:31 | Build | House |
| 7:37 | Create | Villager (Male) |
| 7:56 | Build | Mill |
| 8:27 | Build | Mining Camp |
| 8:39 | Create | Villager (Male) |
| 9:05 | Create | Villager (Male) |
| 9:31 | Create | Villager (Male) |
| 10:04 | Research | Feudal Age |
| 10:05 | Research | Loom |
| 11:11 | Build | Barracks |
| 12:12 | Create | Villager (Male) |
| 12:14 | Age | Feudal Age |
| 12:17 | Build | Archery Range |
| 12:26 | Build | Archery Range |
| 12:47 | Create | Villager (Male) |
| 12:53 | Build | House |
| 13:00 | Build | House |
| 13:01 | Build | House |
| 13:14 | Build | Palisade Gate |
| 13:20 | Create | Villager (Male) |
| 13:30 | Create | Archer |
| 13:32 | Create | Archer |
| 13:39 | Build | House |
| 13:51 | Create | Villager (Male) |
| 14:00 | Create | Archer |
| 14:04 | Create | Archer |
| 14:20 | Create | Villager (Male) |
| 14:32 | Create | Archer |
| 14:32 | Create | Archer |
| 14:44 | Create | Villager (Male) |
| 15:03 | Build | Blacksmith |
| 15:11 | Create | Villager (Male) |
| 15:34 | Create | Villager (Male) |
| 15:35 | Create | Archer |
| 15:36 | Create | Archer |
| 15:55 | Create | Villager (Male) |
| 16:01 | Research | Fletching |
| 16:15 | Create | Archer |
| 16:15 | Create | Archer |
| 16:33 | Create | Villager (Male) |
| 16:37 | Build | House |
| 16:38 | Build | House |
| 17:02 | Create | Villager (Male) |
| 17:03 | Create | Archer |
| 17:04 | Create | Archer |
| 17:16 | Create | Archer |
| 17:16 | Create | Archer |
| 17:26 | Create | Villager (Male) |
| 17:26 | Create | Villager (Male) |
| 17:29 | Build | Farm |
| 17:29 | Build | Farm |
| 17:30 | Build | Farm |
| 17:54 | Create | Archer |
| 18:00 | Create | Villager (Male) |
| 18:02 | Build | Farm |
| 18:04 | Build | Farm |
| 18:06 | Build | Farm |
| 18:11 | Create | Villager (Male) |
| 18:14 | Create | Archer |
| 18:14 | Create | Archer |
| 18:18 | Create | Villager (Male) |
| 18:36 | Build | House |
| 18:37 | Build | House |
| 18:37 | Build | House |
| 19:14 | Create | Archer |
| 19:16 | Build | Farm |
| 19:17 | Build | Farm |
| 19:19 | Create | Villager (Male) |
| 19:23 | Create | Villager (Male) |
| 19:42 | Create | Villager (Male) |
| 19:47 | Build | Lumber Camp |
| 20:07 | Create | Archer |
| 20:07 | Create | Archer |
| 20:08 | Create | Villager (Male) |
| 20:25 | Create | Villager (Male) |
| 20:49 | Create | Villager (Male) |
| 21:11 | Build | Stable |
| 21:58 | Build | Stable |
| 22:24 | Research | Castle Age |
| 23:23 | Create | Villager (Male) |
| 23:28 | Create | Scout Cavalry |
| 23:29 | Create | Villager (Male) |
| 24:52 | Build | Market |
| 25:04 | Age | Castle Age |
| 25:23 | Research | Bodkin Arrow |
| 25:26 | Build | Archery Range |
| 25:52 | Research | Crossbowman (upgrade) |
| 25:53 | Create | Villager (Male) |
| 26:28 | Create | Villager (Male) |
| 26:40 | Create | Villager (Male) |
| 26:49 | Create | Villager (Male) |
| 26:56 | Build | Town Center |
| 27:10 | Create | Villager (Male) |
| 27:31 | Create | Archer |
| 27:31 | Create | Archer |
| 27:34 | Build | Archery Range |
| 27:41 | Create | Villager (Male) |
| 28:05 | Create | Villager (Male) |
| 28:44 | Create | Villager (Male) |
| 28:51 | Build | Mining Camp |
| 29:32 | Create | Villager (Male) |
| 29:41 | Create | Archer |
| 29:41 | Create | Archer |
| 29:42 | Create | Archer |
| 29:43 | Create | Archer |
| 30:04 | Create | Villager (Male) |
| 30:25 | Create | Villager (Male) |
| 30:26 | Create | Villager (Male) |
| 30:27 | Create | Archer |
| 30:27 | Create | Archer |
| 30:44 | Build | Farm |
| 30:47 | Create | Archer |
| 30:59 | Create | Archer |
| 31:08 | Create | Villager (Male) |
| 31:09 | Create | Villager (Male) |
| 31:12 | Build | Farm |
| 31:12 | Create | Villager (Male) |
| 31:13 | Create | Archer |
| 31:14 | Create | Archer |
| 31:20 | Create | Villager (Male) |
| 31:29 | Build | Farm |
| 31:45 | Create | Villager (Male) |
| 31:51 | Build | Farm |
| 32:05 | Create | Villager (Male) |
| 32:05 | Create | Villager (Male) |
| 32:07 | Build | Farm |
Build order — Jimmy
First 150 of 338 actions detected
| 0:28 | Build | Town Center |
| 2:37 | Build | House |
| 2:49 | Build | House |
| 2:59 | Create | Villager (Male) |
| 2:59 | Create | Villager (Male) |
| 2:59 | Create | Villager (Male) |
| 3:05 | Build | House |
| 3:37 | Create | Villager (Male) |
| 4:02 | Build | House |
| 4:19 | Research | Loom |
| 4:30 | Create | Villager (Male) |
| 4:30 | Create | Villager (Male) |
| 5:11 | Create | Villager (Male) |
| 5:33 | Create | Villager (Male) |
| 5:33 | Create | Villager (Male) |
| 6:00 | Build | House |
| 6:03 | Create | Villager (Male) |
| 6:28 | Create | Villager (Male) |
| 6:52 | Build | House |
| 6:53 | Build | House |
| 6:54 | Create | Villager (Male) |
| 7:28 | Create | Villager (Male) |
| 7:34 | Create | Villager (Male) |
| 7:58 | Build | Mill |
| 8:16 | Create | Villager (Male) |
| 8:32 | Create | Villager (Male) |
| 8:34 | Build | Barracks |
| 8:47 | Create | Villager (Male) |
| 9:06 | Create | Villager (Male) |
| 10:01 | Create | Villager (Male) |
| 10:31 | Create | Villager (Male) |
| 10:58 | Build | Mining Camp |
| 11:02 | Build | Mining Camp |
| 11:06 | Research | Feudal Age |
| 11:09 | Create | Militia |
| 11:09 | Create | Militia |
| 11:42 | Build | Mill |
| 12:00 | Create | Militia |
| 12:00 | Create | Militia |
| 12:03 | Create | Villager (Male) |
| 12:04 | Create | Villager (Male) |
| 12:13 | Create | Villager (Male) |
| 12:32 | Create | Villager (Male) |
| 13:16 | Age | Feudal Age |
| 13:17 | Research | Man-at-Arms (upgrade) |
| 13:19 | Create | Villager (Male) |
| 13:19 | Create | Villager (Male) |
| 13:23 | Build | House |
| 13:24 | Build | House |
| 13:34 | Build | Blacksmith |
| 13:36 | Create | Villager (Male) |
| 14:14 | Create | Villager (Male) |
| 14:32 | Create | Villager (Male) |
| 14:55 | Build | Market |
| 14:58 | Create | Villager (Male) |
| 14:59 | Create | Villager (Male) |
| 15:33 | Create | Villager (Male) |
| 16:16 | Research | Castle Age |
| 16:17 | Research | Castle Age |
| 17:00 | Build | Stable |
| 17:01 | Create | Villager (Male) |
| 17:12 | Build | Mining Camp |
| 17:27 | Build | Lumber Camp |
| 17:43 | Build | Farm |
| 17:43 | Build | Farm |
| 17:44 | Build | Farm |
| 17:44 | Build | Farm |
| 17:45 | Build | Farm |
| 17:52 | Build | Farm |
| 18:56 | Age | Castle Age |
| 18:59 | Create | Villager (Male) |
| 19:04 | Build | Town Center |
| 19:06 | Create | Villager (Male) |
| 19:18 | Create | Knight |
| 19:52 | Build | Palisade Wall |
| 19:57 | Build | Palisade Wall |
| 20:04 | Build | House |
| 20:09 | Create | Villager (Male) |
| 20:41 | Create | Villager (Male) |
| 20:41 | Create | Villager (Male) |
| 20:44 | Create | Villager (Male) |
| 20:44 | Create | Villager (Male) |
| 21:26 | Build | Town Center |
| 21:28 | Create | Villager (Male) |
| 21:30 | Build | Farm |
| 21:30 | Build | Farm |
| 21:31 | Build | Farm |
| 21:31 | Build | Farm |
| 21:35 | Build | Farm |
| 21:44 | Create | Villager (Male) |
| 21:45 | Create | Villager (Male) |
| 21:51 | Research | Double-Bit Axe |
| 22:20 | Build | Farm |
| 22:28 | Create | Villager (Male) ×5 |
| 22:54 | Research | Wheelbarrow |
| 22:54 | Create | Villager (Male) |
| 23:35 | Build | Town Center |
| 23:38 | Create | Villager (Male) ×3 |
| 23:48 | Build | Monastery |
| 23:53 | Build | House |
| 24:22 | Create | Villager (Male) ×2 |
| 24:23 | Build | Farm |
| 24:24 | Build | Farm |
| 24:24 | Build | Farm |
| 24:27 | Build | Farm |
| 24:27 | Build | Farm |
| 24:28 | Build | Farm |
| 24:28 | Build | Farm |
| 24:32 | Create | Villager (Male) |
| 24:46 | Create | Villager (Male) |
| 24:58 | Build | Farm |
| 24:59 | Create | Monk |
| 25:09 | Build | Farm |
| 25:12 | Create | Villager (Male) |
| 25:12 | Create | Villager (Male) |
| 25:19 | Build | Farm |
| 25:19 | Build | Farm |
| 25:19 | Build | Farm |
| 25:19 | Build | Farm |
| 25:24 | Research | Bow Saw |
| 25:25 | Research | Horse Collar |
| 25:28 | Create | Villager (Male) ×2 |
| 25:53 | Create | Villager (Male) ×3 |
| 25:53 | Create | Villager (Male) ×3 |
| 26:07 | Create | Villager (Male) |
| 26:10 | Create | Villager (Male) |
| 26:17 | Build | Mill |
| 26:18 | Build | Farm |
| 26:18 | Build | Farm |
| 26:18 | Build | Farm |
| 26:18 | Build | Farm |
| 26:18 | Build | Farm |
| 26:19 | Build | Farm |
| 26:27 | Build | Castle |
| 26:32 | Create | Villager (Male) ×4 |
| 26:37 | Build | House |
| 26:38 | Build | House |
| 26:39 | Build | House |
| 26:40 | Build | House |
| 26:43 | Build | House |
| 26:43 | Build | House |
| 26:44 | Build | House |
| 26:45 | Build | House |
| 26:46 | Build | House |
| 26:58 | Create | Monk |
| 27:01 | Research | Sanctity |
| 27:01 | Create | Monk |
| 27:04 | Create | Villager (Male) |
| 27:04 | Create | Villager (Male) |
| 27:18 | Create | Villager (Male) ×5 |
Build order — SaleMajstor
First 150 of 279 actions detected
| 0:32 | Build | Town Center |
| 2:06 | Build | House |
| 2:23 | Build | House |
| 2:28 | Build | House |
| 2:58 | Build | House |
| 3:01 | Create | Villager (Male) |
| 3:01 | Create | Villager (Male) |
| 3:02 | Create | Villager (Male) |
| 3:02 | Create | Villager (Male) |
| 3:35 | Create | Villager (Male) |
| 3:58 | Create | Villager (Male) |
| 4:29 | Create | Villager (Male) |
| 5:12 | Create | Villager (Male) |
| 5:24 | Build | House |
| 5:32 | Create | Villager (Male) |
| 5:46 | Create | Villager (Male) |
| 6:35 | Create | Villager (Male) |
| 7:05 | Create | Villager (Male) |
| 7:33 | Create | Villager (Male) |
| 7:42 | Build | House |
| 7:57 | Create | Villager (Male) |
| 8:03 | Create | Villager (Male) |
| 8:24 | Build | House |
| 8:27 | Create | Villager (Male) |
| 8:32 | Build | Mining Camp |
| 9:10 | Create | Villager (Male) |
| 9:22 | Build | Mining Camp |
| 9:47 | Build | Mining Camp |
| 9:52 | Create | Villager (Male) |
| 10:22 | Create | Villager (Male) |
| 10:39 | Create | Villager (Male) |
| 11:07 | Create | Villager (Male) |
| 11:58 | Research | Loom |
| 12:03 | Build | Lumber Camp |
| 12:45 | Build | Mill |
| 12:48 | Research | Feudal Age |
| 13:35 | Build | Farm |
| 13:36 | Build | Farm |
| 13:37 | Build | Farm |
| 14:24 | Build | House |
| 14:29 | Build | Palisade Wall |
| 14:42 | Create | Villager (Male) |
| 14:43 | Create | Villager (Male) |
| 14:58 | Age | Feudal Age |
| 15:04 | Build | Market |
| 15:17 | Build | Blacksmith |
| 16:30 | Research | Castle Age |
| 17:50 | Research | Double-Bit Axe |
| 18:01 | Research | Horse Collar |
| 18:11 | Build | House |
| 18:36 | Create | Villager (Male) |
| 18:45 | Build | Farm |
| 18:56 | Build | Farm |
| 18:59 | Build | Farm |
| 19:01 | Create | Villager (Male) |
| 19:10 | Age | Castle Age |
| 19:15 | Build | Castle |
| 19:27 | Create | Villager (Male) |
| 19:34 | Build | Farm |
| 19:37 | Create | Villager (Male) |
| 20:17 | Create | Ghulam |
| 20:17 | Create | Ghulam |
| 20:18 | Create | Ghulam |
| 20:34 | Create | Villager (Male) |
| 20:37 | Create | Ghulam |
| 20:45 | Build | Siege Workshop |
| 20:59 | Build | Farm |
| 21:00 | Build | Farm |
| 21:04 | Build | Farm |
| 21:06 | Create | Villager (Male) |
| 21:18 | Create | Ghulam |
| 21:18 | Create | Ghulam |
| 21:29 | Create | Villager (Male) |
| 21:42 | Create | Mangonel |
| 21:49 | Build | House |
| 21:55 | Create | Ghulam |
| 21:55 | Create | Ghulam |
| 22:27 | Create | Villager (Male) |
| 22:28 | Create | Villager (Male) |
| 22:43 | Create | Villager (Male) |
| 22:47 | Build | Farm |
| 22:48 | Build | Farm |
| 22:49 | Build | Farm |
| 23:12 | Research | Scale Mail Armor |
| 23:27 | Create | Ghulam |
| 23:27 | Create | Ghulam |
| 23:28 | Create | Ghulam |
| 23:36 | Create | Ghulam |
| 23:44 | Build | Town Center |
| 23:55 | Create | Ghulam |
| 23:55 | Create | Ghulam |
| 24:50 | Create | Villager (Male) |
| 24:51 | Create | Villager (Male) |
| 24:51 | Create | Villager (Male) |
| 24:52 | Create | Villager (Male) |
| 24:58 | Create | Ghulam |
| 24:58 | Create | Ghulam |
| 25:12 | Create | Mangonel |
| 25:16 | Create | Ghulam |
| 25:29 | Create | Ghulam |
| 25:29 | Create | Ghulam |
| 25:44 | Build | Farm |
| 25:46 | Build | Farm |
| 25:52 | Create | Ghulam |
| 25:52 | Create | Ghulam |
| 25:53 | Create | Villager (Male) |
| 26:10 | Build | Monastery |
| 26:13 | Create | Ghulam |
| 26:24 | Create | Villager (Male) |
| 26:24 | Create | Villager (Male) |
| 26:34 | Create | Ghulam |
| 26:44 | Build | Town Center |
| 26:46 | Create | Villager (Male) |
| 26:49 | Create | Villager (Male) |
| 26:52 | Build | Farm |
| 27:05 | Create | Monk |
| 27:05 | Create | Monk |
| 27:07 | Build | House |
| 28:06 | Create | Villager (Male) |
| 28:06 | Create | Villager (Male) |
| 28:06 | Create | Villager (Male) |
| 28:07 | Create | Villager (Male) |
| 28:07 | Create | Villager (Male) |
| 28:08 | Create | Villager (Male) |
| 28:08 | Create | Villager (Male) |
| 28:14 | Create | Villager (Male) |
| 28:23 | Build | Mill |
| 28:24 | Build | Farm |
| 28:25 | Build | Farm |
| 28:25 | Build | Farm |
| 28:25 | Build | Farm |
| 28:43 | Create | Villager (Male) |
| 28:44 | Create | Villager (Male) |
| 28:44 | Create | Villager (Male) |
| 28:44 | Create | Villager (Male) |
| 28:57 | Create | Mangonel |
| 29:13 | Create | Villager (Male) |
| 29:13 | Create | Villager (Male) |
| 29:14 | Create | Villager (Male) |
| 29:24 | Build | House |
| 29:28 | Create | Villager (Male) |
| 29:32 | Build | Farm |
| 29:34 | Build | Farm |
| 30:00 | Create | Ghulam |
| 30:00 | Create | Ghulam |
| 30:00 | Create | Ghulam |
| 30:04 | Build | House |
| 30:06 | Build | House |
| 30:50 | Create | Ghulam |
| 30:50 | Create | Ghulam |
Build order — ceepki
First 150 of 404 actions detected
| 0:14 | Build | Town Center |
| 1:40 | Build | House |
| 1:41 | Build | House |
| 2:01 | Create | Villager (Male) |
| 2:02 | Create | Villager (Male) |
| 2:02 | Create | Villager (Male) |
| 2:02 | Create | Villager (Male) |
| 2:02 | Create | Villager (Male) |
| 3:27 | Create | Villager (Male) |
| 3:43 | Create | Villager (Male) |
| 4:12 | Research | Loom |
| 4:22 | Create | Villager (Male) |
| 4:30 | Build | House |
| 4:34 | Create | Villager (Male) |
| 4:43 | Build | House |
| 4:54 | Create | Villager (Male) |
| 5:48 | Create | Villager (Male) |
| 6:14 | Create | Villager (Male) |
| 6:20 | Build | House |
| 6:28 | Create | Villager (Male) |
| 6:49 | Build | House |
| 6:53 | Create | Villager (Male) |
| 7:33 | Create | Villager (Male) |
| 7:48 | Build | House |
| 7:49 | Create | Villager (Male) |
| 7:51 | Build | House |
| 7:57 | Create | Villager (Male) |
| 8:08 | Build | House |
| 8:19 | Build | House |
| 8:36 | Build | House |
| 8:46 | Build | Mill |
| 8:52 | Create | Villager (Male) |
| 9:21 | Create | Villager (Male) |
| 9:23 | Build | House |
| 9:36 | Build | House |
| 9:52 | Create | Villager (Male) |
| 10:00 | Create | Villager (Male) |
| 10:07 | Build | House |
| 10:11 | Build | House |
| 10:26 | Build | Lumber Camp |
| 10:34 | Build | House |
| 10:47 | Create | Villager (Male) |
| 10:53 | Create | Villager (Male) |
| 10:57 | Build | Mining Camp |
| 11:05 | Create | Villager (Male) |
| 11:13 | Research | Feudal Age |
| 11:21 | Create | Villager (Male) |
| 12:38 | Create | Villager (Male) |
| 12:54 | Build | House |
| 13:23 | Age | Feudal Age |
| 13:25 | Build | Market |
| 13:27 | Build | Blacksmith |
| 14:14 | Build | Barracks |
| 14:28 | Research | Castle Age |
| 14:52 | Build | Barracks |
| 14:56 | Research | Double-Bit Axe |
| 14:57 | Research | Double-Bit Axe |
| 15:01 | Create | Villager (Male) |
| 15:35 | Build | House |
| 15:42 | Build | Barracks |
| 15:55 | Research | Scale Mail Armor |
| 16:01 | Create | Villager (Male) |
| 16:19 | Research | Man-at-Arms (upgrade) |
| 16:21 | Create | Villager (Male) |
| 17:08 | Age | Castle Age |
| 17:09 | Research | Chain Mail Armor |
| 17:10 | Research | Chain Mail Armor |
| 17:12 | Create | Villager (Male) |
| 17:27 | Build | Town Center |
| 17:28 | Create | Villager (Male) |
| 17:37 | Research | Squires |
| 18:00 | Create | Militia |
| 18:06 | Create | Militia |
| 18:21 | Create | Villager (Male) |
| 18:41 | Create | Villager (Male) |
| 18:41 | Create | Villager (Male) |
| 18:43 | Build | Farm |
| 18:44 | Build | Farm |
| 18:46 | Build | Farm |
| 18:57 | Create | Militia |
| 18:57 | Create | Militia |
| 19:01 | Build | Farm |
| 19:20 | Create | Militia |
| 19:24 | Create | Villager (Male) |
| 19:34 | Build | Farm |
| 19:37 | Build | Farm |
| 19:38 | Create | Villager (Male) |
| 19:50 | Research | Long Swordsman (upgrade) |
| 19:50 | Research | Long Swordsman (upgrade) |
| 20:15 | Create | Militia |
| 20:17 | Build | Siege Workshop |
| 20:19 | Create | Villager (Male) |
| 20:27 | Create | Villager (Male) |
| 20:37 | Create | Militia |
| 21:00 | Create | Militia |
| 21:09 | Create | Battering Ram |
| 21:11 | Build | House |
| 21:13 | Create | Villager (Male) |
| 21:16 | Create | Villager (Male) |
| 21:21 | Create | Villager (Male) |
| 21:28 | Create | Villager (Male) |
| 21:30 | Create | Militia |
| 21:45 | Create | Battering Ram |
| 21:48 | Create | Villager (Male) |
| 21:53 | Build | House |
| 22:04 | Create | Villager (Male) |
| 22:08 | Build | Farm |
| 22:12 | Create | Villager (Male) |
| 22:18 | Create | Villager (Male) |
| 22:38 | Create | Militia |
| 22:38 | Create | Militia |
| 22:40 | Create | Villager (Male) |
| 22:40 | Create | Villager (Male) |
| 22:50 | Build | House |
| 22:59 | Create | Villager (Male) |
| 23:00 | Build | Monastery |
| 23:07 | Build | Farm |
| 23:21 | Create | Villager (Male) |
| 23:45 | Create | Villager (Male) |
| 24:06 | Create | Villager (Male) |
| 24:16 | Create | Villager (Male) |
| 24:21 | Build | Mining Camp |
| 24:29 | Create | Battering Ram |
| 24:30 | Build | House |
| 24:44 | Create | Monk |
| 24:48 | Build | Farm |
| 24:48 | Build | Farm |
| 24:49 | Build | Farm |
| 24:50 | Build | Mill |
| 24:50 | Build | Farm |
| 24:51 | Build | Farm |
| 24:51 | Build | Farm |
| 24:52 | Create | Villager (Male) |
| 24:59 | Create | Monk |
| 25:04 | Build | Farm |
| 25:05 | Create | Villager (Male) |
| 25:10 | Build | House |
| 25:16 | Create | Villager (Male) |
| 25:35 | Create | Scorpion |
| 25:35 | Create | Scorpion |
| 25:43 | Create | Villager (Male) |
| 25:56 | Create | Villager (Male) |
| 26:01 | Create | Scorpion |
| 26:02 | Build | Siege Workshop |
| 26:04 | Create | Monk |
| 26:05 | Create | Militia |
| 26:13 | Build | Farm |
| 26:14 | Create | Villager (Male) |
| 26:17 | Build | Farm |
| 26:24 | Create | Villager (Male) |
Build order — noTRIX
First 150 of 406 actions detected
| 0:42 | Build | Palisade Wall |
| 1:44 | Build | Town Center |
| 1:47 | Build | House |
| 3:44 | Create | Villager (Male) |
| 3:45 | Create | Villager (Male) |
| 3:45 | Create | Villager (Male) |
| 3:49 | Create | Villager (Male) |
| 5:15 | Create | Villager (Male) |
| 5:39 | Create | Villager (Male) |
| 5:57 | Create | Villager (Male) |
| 6:02 | Build | House |
| 6:20 | Build | Palisade Wall |
| 6:25 | Build | Palisade Wall |
| 6:31 | Build | Palisade Wall |
| 6:39 | Create | Villager (Male) |
| 6:45 | Create | Villager (Male) |
| 6:48 | Build | House |
| 6:53 | Build | House |
| 7:14 | Create | Villager (Male) |
| 7:44 | Create | Villager (Male) |
| 8:05 | Create | Villager (Male) |
| 8:23 | Create | Villager (Male) |
| 8:51 | Create | Villager (Male) |
| 8:51 | Create | Villager (Male) |
| 8:56 | Build | House |
| 9:10 | Create | Villager (Male) |
| 9:27 | Build | Lumber Camp |
| 9:29 | Build | House |
| 9:44 | Create | Villager (Male) |
| 10:32 | Create | Villager (Male) |
| 10:57 | Build | Mill |
| 11:08 | Create | Villager (Male) |
| 11:08 | Create | Villager (Male) |
| 11:42 | Create | Villager (Male) |
| 11:44 | Build | House |
| 11:57 | Build | House |
| 12:02 | Research | Feudal Age |
| 12:11 | Build | House |
| 12:23 | Research | Loom |
| 12:24 | Research | Feudal Age |
| 13:28 | Create | Villager (Male) |
| 13:29 | Create | Villager (Male) |
| 13:39 | Build | Palisade Wall |
| 13:41 | Build | Palisade Wall |
| 13:48 | Build | Palisade Wall |
| 14:01 | Build | Palisade Wall |
| 14:14 | Build | House |
| 15:05 | Age | Feudal Age |
| 15:08 | Build | Market |
| 15:12 | Build | Blacksmith |
| 15:28 | Build | House |
| 15:46 | Build | Palisade Wall |
| 15:51 | Build | House |
| 15:58 | Research | Castle Age |
| 16:01 | Build | Palisade Gate |
| 16:03 | Build | Palisade Wall |
| 16:38 | Build | Palisade Wall |
| 17:04 | Build | House |
| 17:14 | Research | Double-Bit Axe |
| 17:44 | Create | Villager (Male) |
| 18:13 | Build | Palisade Wall |
| 18:38 | Age | Castle Age |
| 18:41 | Build | Town Center |
| 18:46 | Research | Bow Saw |
| 18:55 | Create | Villager (Male) |
| 19:08 | Create | Villager (Male) |
| 19:12 | Build | House |
| 19:13 | Build | House |
| 19:38 | Build | Town Center |
| 19:48 | Create | Villager (Male) |
| 20:04 | Create | Villager (Male) |
| 20:05 | Create | Villager (Male) |
| 20:05 | Create | Villager (Male) |
| 20:29 | Create | Villager (Male) |
| 20:34 | Create | Villager (Male) |
| 20:35 | Create | Villager (Male) |
| 20:51 | Create | Villager (Male) |
| 21:07 | Build | Farm |
| 21:07 | Build | Farm |
| 21:08 | Build | Farm |
| 21:08 | Build | Farm |
| 21:08 | Build | Farm |
| 21:11 | Create | Villager (Male) |
| 21:24 | Create | Villager (Male) |
| 21:24 | Create | Villager (Male) |
| 21:38 | Build | Town Center |
| 21:45 | Create | Villager (Male) |
| 22:02 | Create | Villager (Male) |
| 22:02 | Create | Villager (Male) |
| 22:12 | Build | Barracks |
| 22:12 | Create | Villager (Male) |
| 22:12 | Create | Villager (Male) |
| 22:29 | Create | Villager (Male) |
| 22:30 | Create | Villager (Male) |
| 22:30 | Create | Villager (Male) |
| 22:33 | Build | Palisade Wall |
| 22:47 | Research | Horse Collar |
| 22:53 | Create | Villager (Male) |
| 23:07 | Build | House |
| 23:09 | Create | Villager (Male) |
| 23:09 | Create | Villager (Male) |
| 23:10 | Create | Villager (Male) |
| 23:15 | Create | Villager (Male) |
| 23:15 | Create | Villager (Male) |
| 23:25 | Create | Villager (Male) |
| 23:25 | Create | Villager (Male) |
| 23:28 | Build | House |
| 23:29 | Build | House |
| 23:39 | Build | Mining Camp |
| 23:43 | Create | Villager (Male) |
| 23:43 | Create | Villager (Male) |
| 23:55 | Create | Villager (Male) |
| 23:56 | Create | Villager (Male) |
| 23:56 | Create | Villager (Male) |
| 24:01 | Create | Villager (Male) |
| 24:07 | Build | Farm |
| 24:11 | Build | House |
| 24:12 | Create | Villager (Male) |
| 24:13 | Create | Villager (Male) |
| 24:19 | Build | House |
| 24:22 | Create | Villager (Male) |
| 24:27 | Build | Monastery |
| 24:37 | Build | Palisade Gate |
| 24:40 | Create | Villager (Male) |
| 24:40 | Create | Villager (Male) |
| 24:51 | Build | Mining Camp |
| 24:58 | Create | Villager (Male) |
| 24:59 | Create | Villager (Male) |
| 24:59 | Create | Villager (Male) |
| 24:59 | Create | Villager (Male) |
| 25:00 | Create | Villager (Male) |
| 25:01 | Create | Monk |
| 25:06 | Build | House |
| 25:19 | Research | Gold Mining |
| 25:27 | Build | Lumber Camp |
| 25:31 | Build | House |
| 25:32 | Create | Villager (Male) |
| 25:32 | Create | Villager (Male) |
| 25:33 | Create | Villager (Male) |
| 25:37 | Create | Villager (Male) |
| 25:45 | Build | House |
| 25:54 | Create | Villager (Male) |
| 25:54 | Create | Villager (Male) |
| 26:00 | Build | Town Center |
| 26:13 | Create | Villager (Male) |
| 26:13 | Create | Villager (Male) |
| 26:16 | Build | Farm |
| 26:20 | Build | Farm |
| 26:22 | Create | Villager (Male) |
| 26:28 | Build | Farm |
Build order — Ceki
First 150 of 232 actions detected
| 0:17 | Build | Town Center |
| 0:22 | Build | House |
| 2:49 | Create | Villager (Male) |
| 2:50 | Create | Villager (Male) |
| 2:50 | Create | Villager (Male) |
| 2:51 | Create | Villager (Male) |
| 2:51 | Create | Villager (Male) |
| 4:06 | Create | Villager (Male) |
| 4:36 | Create | Villager (Male) |
| 4:39 | Build | House |
| 5:03 | Research | Loom |
| 5:08 | Create | Villager (Male) |
| 5:09 | Create | Villager (Male) |
| 5:41 | Create | Villager (Male) |
| 6:01 | Create | Villager (Male) |
| 6:15 | Build | Lumber Camp |
| 6:23 | Create | Villager (Male) |
| 7:00 | Create | Villager (Male) |
| 7:13 | Build | House |
| 7:31 | Create | Villager (Male) |
| 7:34 | Build | House |
| 8:01 | Create | Villager (Male) |
| 8:41 | Build | Mill |
| 8:45 | Create | Villager (Male) |
| 9:25 | Create | Villager (Male) |
| 9:32 | Create | Villager (Male) |
| 10:04 | Create | Villager (Male) |
| 10:33 | Create | Villager (Male) |
| 10:49 | Create | Villager (Male) |
| 11:04 | Build | Mill |
| 11:16 | Build | Mining Camp |
| 11:19 | Create | Villager (Male) |
| 11:56 | Research | Feudal Age |
| 13:05 | Build | Mill |
| 14:10 | Age | Feudal Age |
| 14:13 | Build | Market |
| 14:15 | Build | Blacksmith |
| 15:13 | Build | Palisade Wall |
| 15:17 | Build | Palisade Wall |
| 15:18 | Build | Palisade Wall |
| 15:30 | Research | Castle Age |
| 15:53 | Build | House |
| 16:07 | Build | Palisade Gate |
| 16:10 | Build | House |
| 16:20 | Build | Palisade Wall |
| 17:02 | Build | Mining Camp |
| 17:13 | Create | Villager (Male) |
| 17:17 | Create | Villager (Male) |
| 17:27 | Build | Mill |
| 18:10 | Age | Castle Age |
| 18:22 | Build | Town Center |
| 18:25 | Create | Villager (Male) |
| 18:29 | Research | Fletching |
| 18:41 | Build | Gate |
| 18:42 | Build | Stone Wall |
| 19:13 | Create | Villager (Male) |
| 19:16 | Build | House |
| 19:30 | Create | Villager (Male) |
| 19:30 | Create | Villager (Male) |
| 19:31 | Create | Villager (Male) |
| 19:43 | Build | House |
| 20:12 | Build | House |
| 20:16 | Create | Villager (Male) |
| 20:17 | Create | Villager (Male) |
| 20:17 | Create | Villager (Male) |
| 20:38 | Create | Villager (Male) |
| 21:10 | Create | Villager (Male) |
| 21:10 | Create | Villager (Male) |
| 21:10 | Create | Villager (Male) |
| 21:16 | Build | Lumber Camp |
| 21:38 | Create | Villager (Male) |
| 22:00 | Create | Villager (Male) |
| 22:44 | Build | Castle |
| 23:00 | Build | Town Center |
| 23:15 | Build | Farm |
| 23:17 | Create | Villager (Male) |
| 23:23 | Build | Farm |
| 23:26 | Build | Farm |
| 23:52 | Build | Farm |
| 24:15 | Create | Villager (Male) |
| 24:29 | Build | Farm |
| 24:43 | Create | Villager (Male) |
| 24:50 | Create | Conquistador |
| 25:03 | Build | Lumber Camp |
| 25:25 | Create | Villager (Male) |
| 25:25 | Create | Villager (Male) |
| 25:32 | Build | Farm |
| 25:51 | Create | Villager (Male) |
| 25:56 | Build | Farm |
| 26:17 | Create | Conquistador |
| 26:58 | Create | Villager (Male) |
| 27:05 | Build | Farm |
| 27:05 | Build | Farm |
| 27:06 | Build | Farm |
| 27:06 | Build | Farm |
| 27:07 | Create | Villager (Male) |
| 27:36 | Build | Town Center |
| 27:40 | Create | Villager (Male) |
| 27:47 | Build | Farm |
| 27:52 | Create | Villager (Male) |
| 28:03 | Research | Double-Bit Axe |
| 28:33 | Create | Villager (Male) |
| 28:34 | Create | Villager (Male) |
| 28:34 | Create | Villager (Male) |
| 28:34 | Create | Villager (Male) |
| 28:37 | Build | Farm |
| 28:41 | Build | Farm |
| 28:44 | Build | Farm |
| 29:19 | Create | Villager (Male) |
| 29:19 | Create | Villager (Male) |
| 29:20 | Create | Villager (Male) |
| 29:25 | Build | Mining Camp |
| 29:29 | Build | Farm |
| 29:31 | Create | Villager (Male) |
| 29:32 | Create | Villager (Male) |
| 29:37 | Build | Farm |
| 29:56 | Create | Villager (Male) |
| 29:56 | Create | Villager (Male) |
| 29:56 | Create | Villager (Male) |
| 30:03 | Build | Farm |
| 30:05 | Create | Conquistador |
| 30:19 | Create | Villager (Male) |
| 30:25 | Build | Farm |
| 30:29 | Build | Farm |
| 30:32 | Build | Farm |
| 30:35 | Create | Villager (Male) |
| 30:36 | Create | Villager (Male) |
| 30:43 | Create | Conquistador |
| 31:04 | Create | Villager (Male) |
| 31:05 | Create | Villager (Male) |
| 31:05 | Create | Villager (Male) |
| 31:22 | Build | Mining Camp |
| 31:23 | Create | Villager (Male) |
| 31:27 | Build | Farm |
| 31:34 | Build | House |
| 31:35 | Build | House |
| 31:36 | Build | House |
| 31:38 | Create | Villager (Male) |
| 31:39 | Create | Villager (Male) |
| 31:40 | Create | Conquistador |
| 31:47 | Build | Farm |
| 31:58 | Research | Padded Archer Armor |
| 32:23 | Create | Villager (Male) |
| 32:24 | Create | Villager (Male) |
| 32:24 | Create | Villager (Male) |
| 32:44 | Build | Castle |
| 32:46 | Create | Villager (Male) |
| 32:48 | Create | Conquistador |
| 32:49 | Create | Conquistador |
| 32:55 | Build | Mining Camp |
Build order — harooooo
First 150 of 505 actions detected
| 0:27 | Build | Town Center |
| 2:41 | Build | House |
| 2:44 | Build | House |
| 2:51 | Create | Villager (Male) |
| 2:51 | Create | Villager (Male) |
| 2:52 | Create | Villager (Male) |
| 2:52 | Create | Villager (Male) |
| 4:28 | Create | Villager (Male) |
| 4:28 | Create | Villager (Male) |
| 5:03 | Create | Villager (Male) |
| 5:09 | Create | Villager (Male) |
| 5:09 | Create | Villager (Male) |
| 5:38 | Create | Villager (Male) |
| 5:41 | Create | Villager (Male) |
| 5:41 | Create | Villager (Male) |
| 5:53 | Build | House |
| 6:03 | Build | House |
| 6:08 | Create | Villager (Male) |
| 6:11 | Build | House |
| 6:18 | Build | House |
| 6:35 | Create | Villager (Male) |
| 6:36 | Create | Villager (Male) |
| 6:48 | Build | House |
| 7:02 | Create | Villager (Male) |
| 7:21 | Create | Villager (Male) |
| 7:21 | Create | Villager (Male) |
| 7:21 | Create | Villager (Male) |
| 7:52 | Create | Villager (Male) |
| 7:52 | Create | Villager (Male) |
| 7:52 | Create | Villager (Male) |
| 8:05 | Build | House |
| 8:18 | Create | Villager (Male) |
| 8:45 | Create | Villager (Male) |
| 8:45 | Create | Villager (Male) |
| 8:46 | Create | Villager (Male) |
| 8:59 | Build | House |
| 9:58 | Create | Villager (Male) |
| 9:58 | Create | Villager (Male) |
| 10:09 | Build | Mining Camp |
| 10:15 | Build | House |
| 10:24 | Build | House |
| 10:30 | Build | House |
| 10:44 | Build | House |
| 11:30 | Build | Lumber Camp |
| 11:34 | Research | Loom |
| 11:46 | Build | Mill |
| 12:12 | Research | Feudal Age |
| 12:13 | Research | Feudal Age |
| 12:45 | Create | Villager (Male) |
| 12:53 | Build | Barracks |
| 13:10 | Create | Villager (Male) |
| 14:22 | Age | Feudal Age |
| 14:28 | Build | Stable |
| 14:39 | Build | Market |
| 14:42 | Build | Palisade Wall |
| 14:57 | Build | Palisade Wall |
| 14:58 | Build | Palisade Wall |
| 14:58 | Build | Palisade Wall |
| 14:59 | Build | Palisade Wall |
| 15:18 | Create | Villager (Male) |
| 15:35 | Research | Castle Age |
| 16:25 | Create | Scout Cavalry |
| 16:25 | Create | Scout Cavalry |
| 16:44 | Research | Double-Bit Axe |
| 16:45 | Research | Double-Bit Axe |
| 17:21 | Create | Scout Cavalry |
| 17:21 | Create | Scout Cavalry |
| 17:47 | Build | House |
| 17:55 | Create | Villager (Male) |
| 18:23 | Age | Castle Age |
| 18:25 | Build | Town Center |
| 18:27 | Create | Villager (Male) |
| 18:36 | Build | Town Center |
| 18:39 | Create | Villager (Male) |
| 18:49 | Build | Blacksmith |
| 19:21 | Create | Villager (Male) |
| 19:37 | Research | Forging |
| 19:37 | Research | Forging |
| 19:52 | Create | Villager (Male) |
| 19:58 | Create | Villager (Male) |
| 20:11 | Create | Villager (Male) |
| 20:19 | Create | Villager (Male) |
| 20:34 | Create | Villager (Male) |
| 20:34 | Create | Villager (Male) |
| 20:39 | Build | Farm |
| 20:40 | Research | Horse Collar |
| 20:42 | Create | Villager (Male) |
| 20:43 | Create | Villager (Male) |
| 20:43 | Create | Villager (Male) |
| 21:06 | Create | Villager (Male) |
| 21:18 | Create | Villager (Male) |
| 21:19 | Create | Villager (Male) |
| 21:23 | Create | Villager (Male) |
| 21:23 | Create | Villager (Male) |
| 21:24 | Create | Villager (Male) |
| 21:24 | Create | Villager (Male) |
| 21:52 | Create | Villager (Male) |
| 21:58 | Create | Villager (Male) |
| 22:08 | Create | Villager (Male) |
| 22:19 | Build | Mining Camp |
| 22:20 | Create | Villager (Male) |
| 22:22 | Create | Villager (Male) |
| 22:25 | Create | Villager (Male) |
| 22:39 | Create | Villager (Male) |
| 22:39 | Create | Villager (Male) |
| 22:40 | Create | Villager (Male) |
| 22:40 | Create | Villager (Male) |
| 22:44 | Create | Villager (Male) |
| 22:52 | Build | Town Center |
| 22:58 | Build | House |
| 23:11 | Create | Villager (Male) |
| 23:13 | Create | Villager (Male) |
| 23:16 | Build | House |
| 23:20 | Research | Wheelbarrow |
| 23:21 | Research | Wheelbarrow |
| 23:22 | Research | Town Watch |
| 23:33 | Create | Villager (Male) |
| 23:33 | Create | Knight |
| 23:41 | Build | House |
| 23:49 | Create | Knight |
| 23:56 | Create | Villager (Male) |
| 23:57 | Create | Villager (Male) |
| 23:59 | Build | Farm |
| 24:01 | Build | Farm |
| 24:03 | Build | Farm |
| 24:06 | Create | Villager (Male) |
| 24:11 | Create | Villager (Male) |
| 24:17 | Create | Knight |
| 24:17 | Create | Knight |
| 24:24 | Create | Villager (Male) |
| 24:28 | Build | Farm |
| 24:30 | Build | Farm |
| 24:47 | Create | Villager (Male) |
| 24:47 | Create | Villager (Male) |
| 24:50 | Create | Villager (Male) |
| 24:50 | Create | Villager (Male) |
| 25:08 | Research | Scale Barding Armor |
| 25:08 | Research | Scale Barding Armor |
| 25:21 | Create | Villager (Male) |
| 25:21 | Create | Villager (Male) |
| 25:23 | Build | Farm |
| 25:24 | Build | Farm |
| 25:25 | Build | Farm |
| 25:37 | Create | Villager (Male) |
| 25:38 | Create | Villager (Male) |
| 25:42 | Build | Farm |
| 25:43 | Build | Farm |
| 25:44 | Build | Farm |
| 25:47 | Create | Villager (Male) |
| 25:48 | Create | Villager (Male) |
Build order — BlekSon
First 150 of 235 actions detected
| 0:33 | Build | Town Center |
| 2:09 | Build | House |
| 2:42 | Create | Villager (Male) |
| 2:42 | Create | Villager (Male) |
| 2:42 | Create | Villager (Male) |
| 2:43 | Create | Villager (Male) |
| 3:16 | Build | House |
| 3:30 | Build | House |
| 4:17 | Build | House |
| 4:19 | Build | House |
| 4:34 | Create | Villager (Male) |
| 5:04 | Build | House |
| 5:10 | Research | Loom |
| 5:12 | Create | Villager (Male) |
| 5:46 | Research | Loom |
| 5:48 | Create | Villager (Male) |
| 6:25 | Create | Villager (Male) |
| 6:27 | Create | Villager (Male) |
| 7:02 | Build | Lumber Camp |
| 7:13 | Create | Villager (Male) |
| 7:14 | Create | Villager (Male) |
| 7:14 | Create | Villager (Male) |
| 7:26 | Build | Mill |
| 8:00 | Create | Villager (Male) |
| 8:46 | Create | Villager (Male) |
| 9:28 | Create | Villager (Male) |
| 9:28 | Create | Villager (Male) |
| 10:04 | Build | Mining Camp |
| 10:15 | Build | House |
| 10:20 | Research | Loom |
| 10:24 | Create | Villager (Male) |
| 10:52 | Research | Loom |
| 11:31 | Research | Feudal Age |
| 11:44 | Build | Mining Camp |
| 12:24 | Build | Barracks |
| 12:39 | Create | Villager (Male) |
| 12:39 | Create | Villager (Male) |
| 13:33 | Build | Farm |
| 13:41 | Age | Feudal Age |
| 13:46 | Research | Double-Bit Axe |
| 13:47 | Create | Villager (Male) |
| 13:53 | Build | Archery Range |
| 14:04 | Build | House |
| 14:06 | Build | House |
| 14:19 | Create | Villager (Male) |
| 14:32 | Build | Blacksmith |
| 14:42 | Create | Archer |
| 14:49 | Create | Villager (Male) |
| 15:06 | Create | Archer |
| 15:06 | Create | Archer |
| 15:25 | Build | Farm |
| 15:34 | Create | Villager (Male) |
| 15:50 | Build | Farm |
| 15:56 | Create | Villager (Male) |
| 15:59 | Create | Archer |
| 16:21 | Create | Villager (Male) |
| 17:12 | Create | Villager (Male) |
| 17:30 | Build | Farm |
| 17:32 | Build | Farm |
| 17:43 | Build | Market |
| 17:48 | Build | Farm |
| 17:50 | Create | Villager (Male) |
| 18:10 | Create | Archer |
| 18:23 | Build | Farm |
| 18:54 | Create | Villager (Male) |
| 19:03 | Build | Farm |
| 19:04 | Build | Farm |
| 19:06 | Build | Farm |
| 19:07 | Build | Farm |
| 19:18 | Build | Watch Tower |
| 19:28 | Build | Farm |
| 19:31 | Create | Villager (Male) |
| 19:56 | Create | Villager (Male) |
| 20:00 | Build | Farm |
| 20:30 | Build | Farm |
| 20:33 | Build | Farm |
| 20:35 | Create | Villager (Male) |
| 21:00 | Create | Villager (Male) |
| 21:36 | Build | House |
| 21:37 | Build | House |
| 21:39 | Build | House |
| 22:06 | Research | Castle Age |
| 22:19 | Research | Fletching |
| 22:44 | Build | Farm |
| 23:05 | Build | Stable |
| 23:12 | Build | House |
| 23:16 | Build | House |
| 24:09 | Research | Bloodlines |
| 24:46 | Age | Castle Age |
| 25:08 | Create | Knight |
| 25:12 | Create | Camel Scout |
| 25:12 | Create | Camel Scout |
| 25:23 | Build | Town Center |
| 26:13 | Create | Villager (Male) |
| 26:13 | Create | Villager (Male) |
| 26:14 | Create | Villager (Male) |
| 26:48 | Build | Town Center |
| 27:12 | Create | Villager (Male) |
| 27:57 | Build | Farm |
| 28:02 | Build | Farm |
| 28:03 | Build | Farm |
| 28:04 | Build | Farm |
| 28:07 | Build | Farm |
| 28:08 | Build | Farm |
| 28:32 | Build | Siege Workshop |
| 29:05 | Create | Villager (Male) |
| 29:16 | Create | Mangonel |
| 29:24 | Create | Villager (Male) |
| 29:34 | Create | Mangonel |
| 29:54 | Build | Farm |
| 30:06 | Create | Villager (Male) |
| 30:49 | Build | Town Center |
| 30:55 | Create | Villager (Male) |
| 30:55 | Create | Villager (Male) |
| 31:08 | Create | Mangonel |
| 31:28 | Create | Villager (Male) |
| 31:30 | Create | Villager (Male) |
| 31:51 | Create | Mangonel |
| 32:08 | Create | Villager (Male) |
| 32:34 | Create | Villager (Male) |
| 32:34 | Create | Villager (Male) |
| 32:35 | Create | Villager (Male) |
| 32:53 | Build | Farm |
| 32:55 | Build | Farm |
| 33:09 | Build | Farm |
| 33:14 | Create | Villager (Male) |
| 33:14 | Create | Villager (Male) |
| 33:15 | Create | Villager (Male) |
| 33:15 | Create | Villager (Male) |
| 33:38 | Create | Villager (Male) |
| 33:38 | Create | Villager (Male) |
| 34:05 | Build | Farm |
| 34:25 | Create | Villager (Male) |
| 34:25 | Create | Villager (Male) |
| 34:26 | Create | Villager (Male) |
| 34:26 | Create | Villager (Male) |
| 34:38 | Create | Villager (Male) |
| 35:05 | Create | Villager (Male) |
| 35:06 | Create | Villager (Male) |
| 35:40 | Create | Villager (Male) |
| 35:41 | Create | Villager (Male) |
| 35:47 | Build | Town Center |
| 36:18 | Create | Villager (Male) |
| 36:18 | Create | Villager (Male) |
| 36:44 | Create | Villager (Male) |
| 36:45 | Create | Villager (Male) |
| 37:08 | Create | Villager (Male) |
| 37:15 | Build | Castle |
| 37:17 | Create | Villager (Male) |
| 37:28 | Create | Trade Cart |
Match timeline
| 0:42 | noTRIX · wall_segment Palisade Wall x1 |
| 1:45 | Tomo Žeznati · wall_segment Palisade Wall x1 |
| 2:02 | Tomo Žeznati · wall_segment Palisade Wall x1 |
| 6:20 | noTRIX · wall_segment Palisade Wall x1 |
| 6:25 | noTRIX · wall_segment Palisade Wall x1 |
| 6:31 | noTRIX · wall_segment Palisade Wall x1 |
| 8:34 | Jimmy · first_building Barracks |
| 11:11 | Tomo Žeznati · first_building Barracks |
| 12:14 | Tomo Žeznati · age_up feudal |
| 12:17 | Tomo Žeznati · first_building Archery Range |
| 12:24 | BlekSon · first_building Barracks |
| 12:53 | harooooo · first_building Barracks |
| 13:16 | Jimmy · age_up feudal |
| 13:23 | ceepki · age_up feudal |
| 13:39 | noTRIX · wall_segment Palisade Wall x4 |
| 13:41 | noTRIX · wall_segment Palisade Wall x4 |
| 13:41 | BlekSon · age_up feudal |
| 13:48 | noTRIX · wall_segment Palisade Wall x13 |
| 13:53 | BlekSon · first_building Archery Range |
| 14:01 | noTRIX · wall_segment Palisade Wall x4 |
| 14:10 | Ceki · age_up feudal |
| 14:14 | ceepki · first_building Barracks |
| 14:22 | harooooo · age_up feudal |
| 14:28 | harooooo · first_building Stable |
| 14:29 | SaleMajstor · wall_segment Palisade Wall x1 |
| 14:42 | harooooo · wall_segment Palisade Wall x1 |
| 14:57 | harooooo · wall_segment Palisade Wall x1 |
| 14:58 | harooooo · wall_segment Palisade Wall x1 |
| 14:58 | SaleMajstor · age_up feudal |
| 14:58 | harooooo · wall_segment Palisade Wall x1 |
| 14:59 | harooooo · wall_segment Palisade Wall x1 |
| 15:05 | noTRIX · age_up feudal |
| 15:13 | Ceki · wall_segment Palisade Wall x1 |
| 15:17 | Ceki · wall_segment Palisade Wall x1 |
| 15:18 | Ceki · wall_segment Palisade Wall x1 |
| 15:26 | Ceki · first_market_buy 100 food |
| 15:27 | Ceki · first_market_sell 100 wood |
| 15:34 | harooooo · first_market_sell 100 wood |
| 15:35 | harooooo · first_market_buy 100 food |
| 15:46 | noTRIX · wall_segment Palisade Wall x8 |
| 16:03 | noTRIX · wall_segment Palisade Wall x1 |
| 16:20 | Ceki · wall_segment Palisade Wall x1 |
| 16:25 | SaleMajstor · first_market_sell 500 wood |
| 16:25 | SaleMajstor · first_market_buy 100 food |
| 16:38 | noTRIX · wall_segment Palisade Wall x4 |
| 17:00 | Jimmy · first_building Stable |
| 17:06 | ceepki · first_market_sell 100 stone |
| 17:08 | ceepki · age_up castle |
| 18:10 | Ceki · age_up castle |
| 18:13 | noTRIX · wall_segment Palisade Wall x1 |
| 18:23 | harooooo · age_up castle |
| 18:27 | BlekSon · first_market_buy 100 food |
| 18:38 | noTRIX · age_up castle |
| 18:42 | Ceki · wall_segment Stone Wall x1 |
| 18:56 | Jimmy · age_up castle |
| 19:10 | SaleMajstor · age_up castle |
| 19:15 | SaleMajstor · first_building Castle |
| 19:30 | noTRIX · first_market_sell 100 food |
| 19:32 | noTRIX · first_market_buy 100 wood |
| 19:49 | ceepki · first_market_buy 100 food |
| 19:52 | Jimmy · wall_segment Palisade Wall x1 |
| 19:57 | Jimmy · wall_segment Palisade Wall x1 |
| 20:17 | ceepki · first_building Siege Workshop |
| 20:45 | SaleMajstor · first_building Siege Workshop |
| 21:11 | Tomo Žeznati · first_building Stable |
| 21:15 | BlekSon · first_market_sell 100 wood |
| 22:12 | noTRIX · first_building Barracks |
| 22:33 | noTRIX · wall_segment Palisade Wall x1 |
| 22:44 | Ceki · first_building Castle |
| 23:00 | ceepki · first_building Monastery |
| 23:05 | BlekSon · first_building Stable |
| 23:48 | Jimmy · first_building Monastery |
| 24:27 | noTRIX · first_building Monastery |
| 24:46 | BlekSon · age_up castle |
| 25:04 | Tomo Žeznati · age_up castle |
| 25:18 | Tomo Žeznati · first_market_buy 100 food |
| 25:19 | Tomo Žeznati · first_market_sell 100 wood |
| 25:23 | Jimmy · first_market_buy 100 wood |
| 26:10 | SaleMajstor · first_building Monastery |
| 26:27 | Jimmy · first_building Castle |
| 26:37 | harooooo · first_building Siege Workshop |
| 27:44 | harooooo · first_building Castle |
| 28:08 | noTRIX · wall_segment Stone Wall x7 |
| 28:09 | noTRIX · wall_segment Stone Wall x4 |
| 28:32 | BlekSon · first_building Siege Workshop |
| 28:57 | harooooo · wall_segment Palisade Wall x7 |
| 30:02 | harooooo · wall_segment Palisade Wall x1 |
| 30:13 | noTRIX · wall_segment Stone Wall x10 |
| 30:16 | noTRIX · wall_segment Stone Wall x10 |
| 30:25 | harooooo · wall_segment Stone Wall x10 |
| 30:29 | harooooo · wall_segment Stone Wall x5 |
| 30:48 | noTRIX · first_building Siege Workshop |
| 31:46 | Jimmy · wall_segment Palisade Wall x1 |
| 31:49 | Jimmy · wall_segment Palisade Wall x1 |
| 31:56 | Jimmy · wall_segment Palisade Wall x1 |
| 31:58 | Jimmy · wall_segment Palisade Wall x1 |
| 32:53 | SaleMajstor · first_building Barracks |
| 33:07 | noTRIX · first_building Castle |
| 33:35 | Ceki · first_building Barracks |
| 34:26 | noTRIX · age_up imperial |
| 34:38 | Tomo Žeznati · first_building Monastery |
| 34:55 | ceepki · first_building Castle |
| 35:06 | harooooo · wall_segment Stone Wall x12 |
| 36:15 | Ceki · first_building Stable |
| 36:19 | harooooo · wall_segment Stone Wall x1 |
| 36:20 | Jimmy · age_up imperial |
| 36:27 | Jimmy · first_market_sell 100 wood |
| 36:54 | harooooo · age_up imperial |
| 37:15 | BlekSon · first_building Castle |
| 37:17 | SaleMajstor · first_building Stable |
| 38:52 | noTRIX · wall_segment Stone Wall x3 |
| 40:14 | noTRIX · wall_segment Stone Wall x6 |
| 40:16 | noTRIX · wall_segment Stone Wall x6 |
| 41:12 | Tomo Žeznati · first_building Castle |
| 41:36 | ceepki · age_up imperial |
| 42:57 | Ceki · age_up imperial |
| 43:13 | harooooo · first_building Monastery |
| 43:32 | ceepki · resign |
[ AI ANALYSIS · 1 CREDIT ]
What really happened in this match?
Wolo.gg analyzes every decision: build order, eco, micro, common mistakes by bracket. Personalized analysis on WhatsApp or Discord in 30 seconds.
Civ guide
Berbers
Perfil
Jugador #2061303